 Dungeon Crawl Stone Soup version 0.31.0-9-g3a7656b989 (webtiles) character file.

Game seed: 17631459363720179000

1114 qw the Skirmisher (level 8, -1/40 HPs)
             Began as a Spriggan Hunter on Feb 2, 2024.
             Incinerated by a bombardier beetle (4 damage)
             ... with a burning spray
             ... on level 7 of the Dungeon.
             The game lasted 00:00:23 (4771 turns).

qw the Skirmisher (Spriggan Hunter)                 Turns: 4771, Time: 00:00:23

Health: -1/40      AC:  1    Str: 10    XL:     8   Next: 12%
Magic:  9/9        EV: 27    Int: 11    God:
Gold:   339        SH:  0    Dex: 20    Spells: 7/7 levels left

rFire   . . .        a - +0 shortbow (chaos)
rCold   + . .        (shield currently unavailable)
rNeg    . . .        l - +0 robe "Jubej" {Str+3}
rPois   .            (helmet restricted)
rElec   .            (no cloak)
rCorr   .            (gloves unavailable)
SInv    +            (boots unavailable)
Will    +....        n - amulet of faith
Stlth   +            p - ring of protection from cold
HPRegen 0.26/turn    q - +5 ring of evasion
MPRegen 0.11/turn

%: faith
@: on fire, glowing, very quick
A: very small, no large weapons, unfitting armour, see invisible, speed 3,
hooves 1, deformed body
a: no special abilities


You were on level 7 of the Dungeon.
You visited 1 branch of the dungeon, and saw 7 of its levels.

You collected 339 gold pieces.


Innate Abilities, Weirdness & Mutations

You are very small and have problems with some larger weapons.
You are too small for most types of armour.
You have supernaturally acute eyesight. (SInv)
You cover ground extremely quickly. (Speed+++)
You have large cloven feet.
Armour fits poorly on your strangely shaped body.


   Skills:
 - Level 3.1 Fighting
 - Level 8.2 Ranged Weapons
 + Level 7.5 Dodging
 - Level 1.5 Stealth


You had 7 spell levels left.
You didn't know any spells.
Your spell library was empty.

Inventory:

Hand Weapons
 a - a +0 shortbow of chaos (weapon)
Armour
 c - a +0 cloak of stealth
 l - the +0 robe "Jubej" (worn) {Str+3}
   (You found it on level 3 of the Dungeon)

   Str+3:     It affects your strength (+3).
Jewellery
 h - an amulet of regeneration
 n - an amulet of faith (around neck)
 p - a ring of protection from cold (left hand)
 q - a +5 ring of evasion (right hand)
Scrolls
 k - 4 scrolls of teleportation
Potions
 b - a potion of might
 d - a potion of enlightenment
 e - 2 potions of mutation
 g - a potion of cancellation
 j - 3 potions of curing
 o - a potion of heal wounds

Dungeon Overview and Level Annotations

Branches:
Dungeon (7/15)
 Temple: D:4-7

Altars:
Ashenzari
Trog
The Shining One

Annotations:
D:2 1 runed translucent door, Crazy Yiuf
D:4 3 runed translucent doors, qw's ghost, amateur SpHu; qw's ghost, novice DEHu
D:6 3 runed translucent doors, qw's ghost, novice SpHu


Message History

You shoot an arrow. The arrow hits the bombardier beetle.
The bombardier beetle is moderately wounded.
The bombardier beetle sprays incendiary fluid at you.
The burning spray hits you.
You are covered in liquid fire!
You shoot an arrow. The arrow hits the bombardier beetle.
The bombardier beetle is poisoned.
The bombardier beetle is heavily wounded.
The liquid fire burns you!
You shoot an arrow.
The arrow barely misses the bombardier beetle.
The liquid fire burns you!
The bombardier beetle sprays incendiary fluid at you.
The burning spray hits you.
You are even more covered in liquid fire!
You shoot an arrow.
The arrow hits the bombardier beetle but does no damage.
The bombardier beetle is severely wounded.
The liquid fire burns you!
The bombardier beetle sprays incendiary fluid at you.
The burning spray hits you.
You are even more covered in liquid fire!
You shoot an arrow.
The arrow barely misses the bombardier beetle.
The liquid fire burns you!
You kill the bombardier beetle!
Your Fighting skill increases to level 3!
You are on fire!
The liquid fire burns you!
You are on fire!
The liquid fire burns you!
You are on fire!
The liquid fire burns you!
You are on fire!
The liquid fire burns you!
You are on fire!
The liquid fire burns you!
You are on fire!
The liquid fire burns you!
You die...

#...# #.#.#.# #####
#.#.#.#######
#.#.#.......#
#############.#.#######.#
..............#? #.#
###############. #.# # #%
#.# # #.#######.#
#.@.......# ###########


There were no monsters in sight!

Vanquished Creatures
  An ice beast (D:5)
  2 black bears (D:6)
  An ogre (D:5)
  2 scorpions (D:4)
  2 bombardier beetles
  2 jellies (D:6)
  A gnoll bouda (D:6)
  2 orc priests (D:5)
  3 orc wizards
  3 iguanas
  5 gnolls (D:6)
  11 adders
  A white imp (D:6)
  2 ufetubi (D:6)
  A dart slug (D:2)
  2 ribbon worms (D:2)
  16 orcs
  2 ball pythons
  5 endoplasms
  4 giant cockroaches
  11 goblins
  8 hobgoblins
  7 jackals
  2 quokkas
  2 bats
  4 frilled lizards
  6 kobolds
  4 rats
112 creatures vanquished.

Notes
Turn   | Place    | Note
-------+----------+-------------------------------------------
     0 | D:1      | qw the Spriggan Hunter began the quest for the Orb.
     0 | D:1      | Reached XP level 1. HP: 10/10 MP: 2/2
     0 | D:1      | 0 ||| qw: Version: 0.3-a-155-g5e7d8dd
     0 | D:1      | 0 ||| qw: Game counter: 1234
     0 | D:1      | 0 ||| qw: Melee chars always use a shield: true
     0 | D:1      | 0 ||| qw: God list: Okawaru
     0 | D:1      | 0 ||| qw: Allow faded altars: false
     0 | D:1      | 0 ||| qw: Do Orc after clearing Dungeon:15 true
     0 | D:1      | 0 ||| qw: Do second Lair branch before Depths: true
     0 | D:1      | 0 ||| qw: Lair rune preference: random
     0 | D:1      | 0 ||| qw: Goals: Normal
     0 | D:1      | 0 ||| PLANNING D:1-11
   174 | D:1      | Reached skill level 3 in Dodging
   204 | D:1      | HP: 1/10 [jackal (3)]
   209 | D:1      | HP: 2/10 [jackal (1)]
   215 | D:1      | HP: 1/10 [jackal (1)]
   217 | D:1      | Reached XP level 2. HP: 2/14 MP: 3/3
   474 | D:1      | Found a faded altar of an unknown god.
   493 | D:1      | 493 ||| READING scroll labelled DYDUQY IRUNU.
   494 | D:1      | 494 ||| READING scroll labelled GAIMMY KAYG.
   495 | D:1      | 495 ||| READING scroll labelled FUGUPH XULOSH.
   500 | D:1      | 500 ||| DROPPING scroll of butterflies.
   555 | D:2      | Found a runed translucent door.
   556 | D:2      | Noticed Crazy Yiuf
   622 | D:2      | 622 ||| FLEEEEING.
   700 | D:2      | Reached XP level 3. HP: 18/18 MP: 4/4
   820 | D:2      | Reached skill level 5 in Ranged Weapons
   844 | D:2      | Reached XP level 4. HP: 7/22 MP: 5/5
  1081 | D:2      | 1081 ||| READING 2 scrolls labelled HESAIMAJEC.
  1081 | D:2      | 1081 ||| IDENTIFYING orange potion
  1082 | D:2      | 1082 ||| READING scroll of identify.
  1082 | D:2      | 1082 ||| IDENTIFYING clear potion
  1083 | D:2      | 1083 ||| DROPPING potion of attraction.
  1479 | D:3      | Identified the +0 robe "Jubej" {Str+3}
  1910 | D:3      | Found a bloodstained altar of Trog.
  1918 | D:3      | 1918 ||| FLEEEEING.
  1919 | D:3      | 1919 ||| FLEEEEING.
  1920 | D:3      | 1920 ||| FLEEEEING.
  1921 | D:3      | 1921 ||| FLEEEEING.
  2046 | D:3      | 2046 ||| DROPPING scarf of shadows.
  2047 | D:3      | 2047 ||| UPGRADING to +0 robe "Jubej" {Str+3}.
  2057 | D:3      | 2057 ||| DROPPING +0 robe.
  2058 | D:3      | 2058 ||| UPGRADING to amulet of faith.
  2063 | D:3      | 2063 ||| UPGRADING to ring of protection from cold.
  2064 | D:3      | 2064 ||| UPGRADING to +5 ring of evasion.
  2065 | D:3      | 2065 ||| READING 3 scrolls of identify.
  2065 | D:3      | 2065 ||| IDENTIFYING white potion
  2066 | D:3      | 2066 ||| READING 2 scrolls of identify.
  2066 | D:3      | 2066 ||| IDENTIFYING glowing amethyst potion
  2067 | D:3      | 2067 ||| READING scroll of identify.
  2067 | D:3      | 2067 ||| IDENTIFYING viscous grey potion
  2068 | D:3      | 2068 ||| READING scroll labelled IZUUTUIVIFUT.
  2069 | D:3      | 2069 ||| DRINKING 2 fuming silvery potions.
  2069 | D:3      | Gained mutation: Armour fits poorly on your strangely
                  | shaped body. [potion of mutation]
  2069 | D:3      | Gained mutation: You have large cloven feet. [potion of
                  | mutation]
  2070 | D:3      | 2070 ||| DRINKING 2 green potions.
  2071 | D:3      | 2071 ||| DROPPING potion of degeneration.
  2072 | D:3      | 2072 ||| DROPPING potion of invisibility.
  2073 | D:3      | 2073 ||| DROPPING potion of ambrosia.
  2305 | D:4      | Noticed a scorpion
  2309 | D:4      | Killed a scorpion
  2310 | D:4      | Reached XP level 5. HP: 14/26 MP: 6/6
  2418 | D:4      | Reached skill level 6 in Ranged Weapons
  2503 | D:4      | Reached XP level 6. HP: 27/30 MP: 7/7
  2749 | D:4      | Reached skill level 6 in Dodging
  2974 | D:4      | Found a runed translucent gate.
  2975 | D:4      | Found a runed translucent gate.
  2975 | D:4      | Found a runed translucent gate.
  2979 | D:4      | Noticed qw's ghost (amateur SpHu)
  2979 | D:4      | Noticed qw's ghost (novice DEHu)
  2983 | D:4      | 2983 ||| DROPPING +6 ring of intelligence.
  2984 | D:4      | 2984 ||| READING 2 scrolls of identify.
  2984 | D:4      | 2984 ||| IDENTIFYING fuming blue potion
  2985 | D:4      | 2985 ||| READING scroll of identify.
  2985 | D:4      | 2985 ||| IDENTIFYING murky pink potion
  3009 | D:5      | Entered Level 5 of the Dungeon
  3192 | D:5      | Reached skill level 7 in Ranged Weapons
  3247 | D:5      | Reached XP level 7. HP: 35/35 MP: 8/8
  3753 | D:5      | 3753 ||| READING 3 scrolls of identify.
  3753 | D:5      | 3753 ||| IDENTIFYING scroll labelled OCASOB FOUH
  3754 | D:5      | 3754 ||| READING scroll of brand weapon.
  3754 | D:5      | 3754 ||| BRANDING +0 shortbow.
  3857 | D:6      | Found a broken altar of Ashenzari.
  3864 | D:6      | Found a glowing golden altar of the Shining One.
  4051 | D:6      | 4051 ||| RETREEEEATING.
  4052 | D:6      | 4052 ||| RETREEEEATING.
  4054 | D:6      | 4054 ||| RETREEEEATING.
  4056 | D:6      | 4056 ||| RETREEEEATING.
  4058 | D:6      | 4058 ||| RETREEEEATING.
  4060 | D:6      | 4060 ||| RETREEEEATING.
  4164 | D:6      | Found a runed translucent gate.
  4166 | D:6      | Found a runed translucent gate.
  4167 | D:6      | Found a runed translucent gate.
  4169 | D:6      | Noticed qw's ghost (novice SpHu)
  4233 | D:6      | Reached skill level 8 in Ranged Weapons
  4393 | D:6      | Reached XP level 8. HP: 36/39 MP: 9/9
  4622 | D:6      | 4622 ||| READING 3 scrolls of identify.
  4622 | D:6      | 4622 ||| IDENTIFYING ruby potion
  4623 | D:6      | 4623 ||| READING 2 scrolls of identify.
  4623 | D:6      | 4623 ||| IDENTIFYING scroll labelled RUMUW IMAMAUFF
  4624 | D:6      | 4624 ||| READING scroll of identify.
  4624 | D:6      | 4624 ||| IDENTIFYING scroll labelled DUATODGHUGET
  4625 | D:6      | 4625 ||| DROPPING scroll of amnesia.
  4626 | D:6      | 4626 ||| DROPPING scroll of silence.
  4766 | D:7      | Reached skill level 3 in Fighting
  4768 | D:7      | HP: 9/40 [burnt (4)]
  4770 | D:7      | HP: 2/40 [burnt (3)]
  4771 | D:7      | Incinerated by a bombardier beetle

Levels and vault maps discovered:
D:1:      kennysheep_arrival_forest, layout_basic,
          chequers_ecumenical_altar_simple
D:2:      layout_basic, uniq_crazy_yiuf_cottage
D:3:      layout_loops_corners, trog_hazing_becter, kennysheep_generic_room_13
D:4:      layout_loops_ring, gammafunk_ghost_cemetery,
          nicolae_houndstooth_variations
D:5:      layout_loops_ring
D:6:      layout_basic, mainiacjoe_overflow_large_starburst,
          gammafunk_ghost_necromancy, kennysheep_generic_room_9
D:7:      layout_basic, minmay_temple_entry_butterflies

Skill      XL: |  1  2  3  4  5  6  7  8 |
---------------+-------------------------+-----
Dodging        | 3 4 5 6 7 |  7.5
Ranged Weapons | 5 6 7 8 |  8.2
Fighting       | 2 3 |  3.1
Stealth        | |  1.5

Action                     |  1- 3 |  4- 6 |  7- 9 || total
---------------------------+-------+-------+-------++-------
   Fire: Shortbow          |    92 |   185 |   117 ||   394
    Use: Scroll            |     3 |     8 |     5 ||    16
         Potion            |       |     2 |       ||     2
 Armour: Robe              |    20 |    14 |     9 ||    43
  Dodge: Dodged            |    54 |   104 |    69 ||   227

Table legend:
 A = Non-vault XP
 B = Vault XP
 C = Vault XP percentage of total XP
 D = Non-vault monster count
 E = Vault monster count
 F = Vault count percentage of total count
                 A         B        C        D         E       F
            +---------+---------+-------+---------+---------+-------
      Total |    1579 |      13 |   0.8 |     105 |       7 |   6.2
            +---------+---------+-------+---------+---------+-------
        D:1 |      17 |       0 |   0.0 |      10 |       0 |   0.0
        D:2 |     104 |       0 |   0.0 |      23 |       0 |   0.0
        D:3 |      51 |      10 |  16.4 |      15 |       6 |  28.6
        D:4 |     298 |       0 |   0.0 |      18 |       0 |   0.0
        D:5 |     473 |       0 |   0.0 |      12 |       0 |   0.0
        D:6 |     579 |       3 |   0.5 |      23 |       1 |   4.2
        D:7 |      57 |       0 |   0.0 |       4 |       0 |   0.0
            +---------+---------+-------+---------+---------+-------
